[Event "41st BAN National Women Chess-ch 2022"]
[Site "Dhaka"]
[Date "2022.11.19"]
[Round "3.1"]
[White "Sabiha, Marjana"]
[Black "Khan, Nazrana"]
[Result "0-1"]
[ECO "A07"]
[WhiteElo "1267"]
[BlackElo "1908"]
[Annotator "TA"]
[PlyCount "118"]
[EventDate "2022.11.17"]
[EventCountry "BAN"]
[SourceTitle "playchess.com"]
[Source "ChessBase"]
[SourceQuality "1"]
[TimeControl "40/5400+30:1800+30"]

1. Nf3 Nf6 2. g3 g6 3. d3 d5 4. Bg2 Bg7 5. d4 O-O 6. O-O {[%emt 0:01:22][%cal Oc2c4] A07: Réti Opening: New York and Capablanca Systems.} Nbd7 7. c3 {[%emt 0:01:09] [#]} Re8 $146 ({Predecessor:} 7... c5 8. e3 Ne4 9. Nfd2 f5 10. dxc5 Ndxc5 11. Nb3 b6 12. Qc2 Ba6 13. Rd1 e6 14. Nd4 Qf6 {½-½ (92) Cruz Pino,A (1988)-Meyer,C (1914) Las Palmas 2014}) 8. Bg5 {[%emt 0:01:52] The position is equal.} c5 9. Nbd2 (9. Ne5 {is more complex.} Qb6 10. Qb3 cxd4 11. Qxb6 axb6 12. cxd4 Nxe5 13. dxe5 Ng4 14. Bxd5 Bxe5 15. Bc1) 9... cxd4 10. cxd4 Nb6 11. Bxf6 Bxf6 12. e3 Bg7 13. Qb3 Bd7 14. Ne1 (14. Rfc1 $11) 14... Ba4 $15 15. Qa3 e6 (15... Bb5 $5 16. Nd3 $8 Qd6 $11) 16. Nd3 Bb5 (16... Bf8 $5 17. Nc5 Bc6 $15) 17. Rfc1 Bf8 18. Nc5 Qe7 19. Qb3 Bc6 20. Qd1 Nd7 21. Nxd7 Qxd7 22. Nf3 f6 23. b3 Ba3 24. Rc2 a5 25. Qd2 Kg7 26. Ne1 Rec8 27. Nd3 Qd6 28. Bh3 Re8 29. Nc5 b6 30. Na4 Bd7 31. Bf1 Rec8 32. Nc3 Rc7 33. Bb5 $2 {[%emt 0:03:21] [#]} (33. Nb5 $11 {and White has nothing to worry.} Bxb5 34. Bxb5) 33... Rxc3 $1 $19 34. Qxc3 {[%emt 0:02:22] Hoping for Bxd7.} Bxb5 {[%emt 0:01:21] This bishop pair is nice.} 35. Qc7+ Qxc7 36. Rxc7+ Kh6 37. Rd1 (37. Rb7 $17) 37... Rd8 38. Rd2 g5 39. g4 f5 40. h3 fxg4 41. hxg4 Kg6 42. f3 Bb4 43. Rdc2 a4 $2 (43... Rf8 $19 44. Kf2 h5 45. gxh5+ Kxh5) 44. Rc8 (44. Rb7 $1 $11 {remains equal.}) 44... Rxc8 $17 45. Rxc8 a3 46. Kf2 $2 {[%emt 0:00:00] [#]} (46. Rb8 $1 $15 Bd3 47. Rxb6) 46... Kf6 $2 (46... Bd3 $1 $19 {[%cal Rd3b1] Threatens to win with ...Bb1.} 47. Rc6 Bb1 48. Rxe6+ Kf7 49. Rxb6 Be7) 47. e4 $2 (47. Rb8 $11 Bd3 48. Rxb6) 47... dxe4 $19 48. fxe4 {[%emt 0:00:00] [#]} e5 $4 (48... Bd3 $1 $19 {[%cal Rd3b1] aiming for ...Bb1.} 49. e5+ Ke7) 49. dxe5+ $4 (49. Rb8 $18 Ba5 50. b4) 49... Kxe5 50. Ke3 Bc5+ 51. Kf3 Bd3 52. Kg3 Kxe4 53. Re8+ Kd4 54. Re1 Kc3 {[%emt 0:00:00] ( -> ...Kb2)} 55. Rh1 Bc2 (55... Kb2 $142 56. b4 Bxb4 57. Rh2+ Kb1 58. Kf3 Bc4 59. Ke3 Bxa2 60. Rh1+ Kb2 61. Rh2+ Kb3 62. Rh1 Kc2 63. Rh2+ Kb3 64. Rh1 Kc2 65. Rh2+ Kb3) 56. Kh3 {[%emt 0:00:47] [#]} Bxb3 $1 {[%emt 0:00:00] Black mates.} 57. axb3 Kxb3 58. Kg3 a2 59. Kf3 Bd4 {[%emt 0:00:00] Weighted Error Value: White=0.97/Black=0.42} 0-1

[Event "41st BAN National Women Chess-ch 2022"]
[Site "Dhaka"]
[Date "2022.11.19"]
[Round "3.2"]
[White "Wadifa, Ahmed"]
[Black "Warsia, Khusbu"]
[Result "1-0"]
[ECO "E81"]
[WhiteElo "1656"]
[BlackElo "1540"]
[Annotator "NA COMBH"]
[PlyCount "109"]
[EventDate "2022.11.17"]
[EventCountry "BAN"]
[SourceTitle "playchess.com"]
[Source "ChessBase"]
[SourceQuality "1"]
[TimeControl "40/5400+30:1800+30"]

1. d4 Nf6 2. c4 g6 3. Nc3 Bg7 4. e4 d6 5. f3 O-O 6. Be3 Nbd7 7. Nge2 c6 8. Qd2 Re8 9. h4 e5 10. d5 Nb6 11. Nc1 Nh5 12. Bf2 f5 13. Nb3 fxe4 14. Nxe4 cxd5 15. Bxb6 Qxb6 16. c5 dxc5 17. Qxd5+ Be6 18. Qxc5 Rec8 19. Qxb6 axb6 20. Nbd2 Rc2 21. Bd3 Rxb2 22. O-O Nf4 23. Bb1 Bd5 24. Rf2 Bf8 25. Nf6+ Kg7 26. Nde4 Rxf2 27. Kxf2 Bxe4 28. Nxe4 Bc5+ 29. Nxc5 bxc5 30. Be4 Rb8 31. a4 Ne6 32. Rb1 c4 33. Rxb7+ Rxb7 34. Bxb7 Nc5 35. Bc6 Kf6 36. Ke3 Ke6 37. Kd2 Kd6 38. Bb5 e4 39. fxe4 Nxe4+ 40. Ke3 c3 41. Bd3 Nc5 42. a5 Nb3 43. a6 Kc7 44. g4 Kb6 45. g5 Nc5 46. Kd4 Ne6+ 47. Kxc3 Nf4 48. Bf1 Ne6 49. Bd3 Nf4 50. Kd4 Ng2 51. Be4 Nf4 52. Ke5 Nh5 53. Bb7 Kc7 54. Bf3 Ng3 55. a7 1-0

[Event "41st BAN National Women Chess-ch 2022"]
[Site "Dhaka"]
[Date "2022.11.19"]
[Round "3.3"]
[White "Talukder, Umme Taslima Protiva"]
[Black "Kazi Zarin, Tasnim"]
[Result "0-1"]
[ECO "D45"]
[WhiteElo "1780"]
[BlackElo "1860"]
[Annotator "NA COMBH"]
[PlyCount "92"]
[EventDate "2022.11.17"]
[EventCountry "BAN"]
[SourceTitle "playchess.com"]
[Source "ChessBase"]
[SourceQuality "1"]
[TimeControl "40/5400+30:1800+30"]

1. d4 Nf6 2. c4 e6 3. Nf3 d5 4. Nc3 c6 5. e3 Nbd7 6. cxd5 exd5 7. Bd3 Bd6 8. O-O O-O 9. Qc2 h6 10. b3 Re8 11. Bb2 Qe7 12. Rae1 Ne4 13. Nd2 Ndf6 ({Don't take} 13... Qh4 14. g3 Qe7 15. Ncxe4 (15. Ndxe4 dxe4 16. Bxe4 Nb6 $16) 15... dxe4 16. Bxe4 $16 (16. Nxe4 Bb4 $16)) 14. f3 Nxc3 15. Bxc3 Qc7 16. f4 $1 Bd7 17. Nf3 Ne4 18. Bb2 f6 19. Nd2 Bf5 20. Nxe4 Bxe4 21. Bxe4 Rxe4 22. g3 Rae8 23. Qd2 Qe7 24. Kf2 Qe6 25. Bc3 h5 26. b4 (26. h4 $17) 26... Kh8 (26... g5 $19 27. Kg1 Rxe3 28. fxg5 Rxe1 29. Qxe1 Qxe1 30. Rxe1 Rxe1+ 31. Bxe1 fxg5) 27. Qc1 (27. h4 $142) 27... Qh3 (27... g5 $19 28. Kg1 Qh3) 28. Rh1 {[%emt 0:01:44] [#]} (28. Rg1 $17 {was worth a try.}) 28... g5 $1 29. Bd2 Kg7 (29... gxf4 $19 {is more deadly.} 30. exf4 Rxe1 31. Bxe1 Qg4) 30. Qd1 Kg6 ({Worse is} 30... gxf4 31. gxf4 Qh4+ 32. Kg2 $15) (30... h4 $142 31. Qh5 Qe6) 31. Qf3 h4 32. gxh4 (32. g4 $1 $15 Qxf3+ 33. Kxf3) 32... Qxh4+ 33. Qg3 Qh5 34. f5+ Kxf5 35. Qxd6 R8e6 $2 (35... Rf4+ $1 $11 {and Black stays safe.} 36. exf4 Qh4+ 37. Kg2 Qg4+ 38. Kf2 Qh4+ 39. Kg2 Qg4+ 40. Kf2 Qh4+) 36. Qg3 Kg6 37. h3 f5 38. Bc1 f4 39. Qg2 $2 ({Not} 39. exf4 $2 Re2+ 40. Rxe2 Qxe2+ 41. Kg1 Qd1+ 42. Kh2 (42. Kg2 $2 Re2+ 43. Kf3 Qd3+ 44. Kg4 Qf5+ 45. Kf3 Qe4+ 46. Kg4 Rg2 $19) 42... Re2+ 43. Qg2 Rxg2+ 44. Kxg2 Qxd4 $19) (39. Qf3 $11 fxe3+ 40. Kg2 (40. Rxe3 $2 Rf6 $19) 40... Qxf3+ 41. Kxf3 Rf4+ 42. Kg3 Rxd4 43. Bxe3 (43. Rxe3 Rxe3+ 44. Bxe3 Rxb4 $11) 43... Rxb4 44. Bxa7 Rxe1 45. Rxe1) 39... Qh4+ 40. Kf1 $2 (40. Ke2 fxe3 41. Rhg1 Rxd4 42. Qg3) 40... fxe3 (40... Rf6 $142 41. Ke2 f3+ 42. Qxf3 Rxf3 43. Kxf3 Qh5+ 44. Kg3 Rh4) 41. Ke2 $2 (41. Re2) 41... Rxd4 42. a3 $19 Rc4 43. Kd1 Qd4+ 44. Bd2 e2+ 45. Rxe2 Qa1+ 46. Bc1 Qxc1# 0-1

[Event "41st BAN National Women Chess-ch 2022"]
[Site "Dhaka"]
[Date "2022.11.19"]
[Round "3.4"]
[White "Nusrat Jahan, Alo"]
[Black "Ahmed, Walijah"]
[Result "1-0"]
[ECO "D02"]
[WhiteElo "1710"]
[BlackElo "1977"]
[Annotator "TA"]
[PlyCount "107"]
[EventDate "2022.11.17"]
[EventCountry "BAN"]
[SourceTitle "playchess.com"]
[Source "ChessBase"]
[SourceQuality "1"]
[TimeControl "40/5400+30:1800+30"]

1. d4 d5 2. Bf4 Nf6 3. e3 e6 4. Nf3 Bd6 5. Bg3 O-O 6. Nbd2 c5 {[%emt 0:00:55] D02: 1 d4 d5 2 Nf3 sidelines, including 2...Nf6 3 g3 and 2...Nf6 3 Bf4.} 7. c3 Qc7 8. Ne5 {[%emt 0:00:36] 8.dxc5 is a critical line.} Nbd7 {[%emt 0:02:06][%cal Rd7e5,Bb8d7,Bd7f6,Bf6e4][%mdl 32] The position is equal.} 9. f4 Ne4 10. Bd3 Nxd2 11. Qxd2 c4 12. Bc2 Nf6 13. O-O Ne4 {[%emt 0:00:00] [#]} 14. Qe2 $146 ({Predecessor:} 14. Bxe4 dxe4 15. Qc2 f6 16. Ng4 Bd7 17. Nf2 f5 18. Nh3 b5 19. Qd2 Bc6 20. Qe2 {0-1 (35) Sultana,Z (1771)-Ahmed,W (1904) Dhaka 2021}) 14... b5 15. a4 f6 16. Nf3 Nxg3 17. hxg3 b4 18. e4 b3 19. Bb1 Bd7 20. e5 fxe5 21. fxe5 (21. Nxe5 $15 Bxe5 22. Qxe5 Qxe5 23. dxe5) 21... Be7 $17 22. Kh2 Qd8 23. Rh1 g6 24. Kg1 a5 25. Qd2 {[%emt 0:03:23][%cal Ob1g6] Strongly threatening Bxg6!} Rf7 $2 {[%emt 0:00:00][%mdl 8192] [#]} (25... Qe8 $1 $17 {stays on course.} 26. Qe3 (26. Qh6 Qf7 $17) 26... Qf7) 26. Bxg6 $1 $18 Qf8 (26... hxg6 $2 27. Qh6 Bf6 {[#]} 28. Ng5 $1 ) 27. Bxf7+ Qxf7 28. Ng5 Bxg5 29. Qxg5+ Qg7 30. Qxg7+ Kxg7 {[%emt 0:00:00][%mdl 4096] Endgame KRR-KRB} 31. Rh4 Rf8 $2 (31... Be8 32. Rf1 Bg6) 32. Rf4 Rxf4 33. gxf4 {[%emt 0:00:06] KR-KB} Kg6 34. g4 h5 35. gxh5+ Kxh5 36. Kf2 Kg6 37. Ke3 Kf7 38. Rh1 Kg7 39. Ra1 Kf7 40. Kf3 Kg7 41. Kg4 {[%emt 0:30:14] Intending Kg5 and mate.} Kg6 42. Rh1 {[%emt 0:00:14] White mates.} Kg7 43. Kg5 Bc8 44. Rh6 Bd7 45. Rg6+ Kf7 46. Kh6 Bxa4 47. Rg7+ Kf8 48. Ra7 Be8 49. Rxa5 Kg8 50. Ra8 Kf8 51. Kg5 Ke7 {[%emt 0:00:57] [#]} 52. Rxe8+ $1 Kxe8 53. Kf6 Kd7 54. Kf7 {[%emt 0:00:05] Weighted Error Value: White=0.11 (very precise) /Black=0.44} 1-0

[Event "41st BAN National Women Chess-ch 2022"]
[Site "Dhaka"]
[Date "2022.11.19"]
[Round "3.5"]
[White "Tasnia Tarannum, Orpa"]
[Black "Hamid, Rani"]
[Result "1/2-1/2"]
[ECO "E21"]
[WhiteElo "1662"]
[BlackElo "1760"]
[Annotator "NA COMBH"]
[PlyCount "98"]
[EventDate "2022.11.17"]
[EventCountry "BAN"]
[SourceTitle "playchess.com"]
[Source "ChessBase"]
[SourceQuality "1"]
[TimeControl "40/5400+30:1800+30"]

1. d4 Nf6 2. c4 e6 3. Nf3 b6 4. Nc3 Bb7 5. Qc2 Bb4 6. a3 Bxc3+ 7. bxc3 O-O 8. Bg5 d6 9. e3 h6 10. Bh4 Nbd7 11. Bd3 Re8 12. e4 e5 13. d5 Nf8 14. h3 Ng6 15. Bg3 Nh5 16. Bh2 Nhf4 17. O-O Qf6 18. Bxf4 Nxf4 19. Kh2 Bc8 20. Rg1 g5 21. Bf1 Bd7 22. Ne1 Kg7 23. g3 Ng6 24. Nd3 g4 25. Rh1 gxh3 26. Be2 Rh8 27. Bh5 Qg5 28. Qe2 Nf8 29. Raf1 Nh7 30. f4 exf4 31. gxf4 Qg2+ 32. Qxg2+ hxg2 33. Kxg2 Nf6 34. Bf3 h5 35. Rfg1 Ng4 36. Kf1 Kf6 37. Ke2 Rae8 38. Nf2 Bf5 39. Bxg4 Bxg4+ 40. Nxg4+ hxg4 41. Rxh8 Rxh8 42. Rxg4 Rh2+ 43. Kd3 Ra2 44. Rg8 Ke7 45. Rc8 Kd7 46. Rf8 Ke7 47. Rc8 Kd7 48. Rf8 Ke7 49. Rc8 Kd7 1/2-1/2

[Event "41st BAN National Women Chess-ch 2022"]
[Site "Dhaka"]
[Date "2022.11.19"]
[Round "3.6"]
[White "Noshin, Anjum"]
[Black "Jannatul, Ferdous"]
[Result "1/2-1/2"]
[ECO "B18"]
[WhiteElo "1907"]
[BlackElo "1861"]
[Annotator "TA"]
[PlyCount "33"]
[EventDate "2022.11.17"]
[EventCountry "BAN"]
[SourceTitle "playchess.com"]
[Source "ChessBase"]
[SourceQuality "1"]
[TimeControl "40/5400+30:1800+30"]

1. e4 c6 2. d4 d5 3. Nc3 dxe4 4. Nxe4 Bf5 5. Ng3 Bg6 6. Bc4 e6 7. h4 h6 8. N1e2 Nf6 9. Nf4 Bh7 10. c3 Bd6 11. Nfh5 {[%emt 0:02:10] B18: Classical Caro-Kann: 4...Bf5 sidelines.} O-O 12. Qf3 {[%emt 0:02:54] aiming for Nxf6+.} Nbd7 13. Nxf6+ {[%emt 0:03:56] [#] Black has an edge.} Nxf6 $146 ({Predecessor:} 13... Qxf6 14. Qxf6 Nxf6 15. Ne2 Rad8 16. Bf4 Rfe8 17. Bxd6 Rxd6 18. O-O-O Ng4 19. Rhf1 Red8 {½-½ (51) Fowler,H (1686)-Olsen,F (2093) Tornelo INT 2020}) 14. O-O Rc8 15. Bf4 Bxf4 16. Qxf4 Qc7 17. Qxc7 {[%emt 0:05:50] Weighted Error Value: White=0.13 (very precise) /Black=0.09 (flawless)} 1/2-1/2